 Dungeon Crawl Stone Soup version 0.30-b1-5-g8e6c1be481 (webtiles) character file.

Game seed: 11316949500138240872

277 RascalDebosk the Magician (level 6, 0/46 HPs)
             Began as a Djinni Hedge Wizard on May 3, 2023.
             Slain by an iron imp (6 damage)
             ... on level 3 of the Dungeon.
             The game lasted 00:30:48 (2420 turns).

RascalDebosk the Magician (Djinni Hedge Wizard)     Turns: 2420, Time: 00:30:49

Health: 0/46       AC:  3    Str:  9    XL:     6   Next: 50%
Gold:   214        EV: 11    Int: 17    God:
                   SH:  0    Dex: 13

rFire   + + .        s - +3 dagger
rCold   x . .        (no shield)
rNeg    . . .        h - +0 leather armour
rPois   ∞            c - +0 hat
rElec   .            (no cloak)
rCorr   .            (no gloves)
SInv    .            (boots unavailable)
Will    .....        (no amulet)
Stlth   ++           (no ring)
HPRegen 0.27/turn    (no ring)
MPRegen 0.00/turn

%: infuse magic (-1 HP)
@: wereblooded, flying
A: sickness immunity, fire resistance 2, cold vulnerability 1, float, innate
caster, HP casting, extra vitality 1
a: no special abilities


You were on level 3 of the Dungeon.
You visited 1 branch of the dungeon, and saw 3 of its levels.

You collected 214 gold pieces.

Inventory:

Hand Weapons
 a - a +0 dagger
 s - a +3 dagger (weapon)
Armour
 b - a +0 robe
 c - a +0 hat (worn)
 h - a +0 leather armour (worn)
 j - a +2 chain mail of positive energy
Wands
 t - a wand of flame (15)
Scrolls
 e - a scroll of fog {unknown}
 g - 2 scrolls of immolation {unknown}
 i - 2 scrolls of magic mapping {unknown}
 l - a scroll of poison {unknown}
 o - a scroll of vulnerability {unknown}
 p - 2 scrolls of identify {unknown}
 r - a scroll of blinking {unknown}
Potions
 d - 3 potions of mutation {unknown}
 f - a potion of berserk rage {unknown}
 k - a potion of curing {unknown}
 m - a potion of brilliance {unknown}
 n - 2 potions of lignification {unknown}
 q - a potion of degeneration {unknown}
 u - a potion of haste {unknown}


   Skills:
 * Level 3.5 Fighting
 + Level 2.4 Armour
 - Level 2.1 Dodging
 - Level 1.5 Stealth
 * Level 3.8 Spellcasting


You knew the following spells:

 Your Spells              Type           Power      Damage    Failure   Level
a - Magic Dart            Conj           64%        1d6       4%          1
b - Slow                  Hex            64%        N/A       4%          1
c - Blink                 Tloc           32%        N/A       7%          2
d - Call Imp              Summ           32%        N/A       7%          2
e - Mephitic Cloud        Conj/Pois/Air  16%        N/A       14%         3
f - Foxfire               Conj/Fire      64%        2x1d7     4%          1
g - Wereblood             Tmut           16%        N/A       7%          2
Your spell library was empty.

Dungeon Overview and Level Annotations

Branches:
Dungeon (3/15)

Altars:
Makhleb
Yredelemnul


Innate Abilities, Weirdness & Mutations

You are immune to sickness and miasma.
You are immune to poison.
Your flesh is very heat resistant. (rF++)
You are vulnerable to cold. (rC-)
You float through the air rather than walking.
You learn spells naturally, not from books.
Your magical power is your life essence.
You have superior vitality. (+4 MHP)


Message History

The magic dart hits the iron imp but does no damage.
The iron imp is heavily wounded.
Casting: Magic Dart (safe; 4% risk of failure)
Confirm with . or Enter, or press ? or * to list all spells.
Aiming: Magic Dart (safe; 4% risk of failure)
Press: ? - help, Shift-Dir - straight line, f/p - iron imp
Aim: an iron imp (heavily wounded, 100% to hit)
The magic dart hits the iron imp.
The iron imp is heavily wounded.
Casting: Magic Dart (safe; 4% risk of failure)
Confirm with . or Enter, or press ? or * to list all spells.
Aiming: Magic Dart (safe; 4% risk of failure)
Press: ? - help, Shift-Dir - straight line, f/p - iron imp
Aim: an iron imp (heavily wounded, 100% to hit)
The magic dart hits the iron imp but does no damage.
The iron imp is heavily wounded.
Casting: Magic Dart (safe; 4% risk of failure)
Confirm with . or Enter, or press ? or * to list all spells.
Aiming: Magic Dart (safe; 4% risk of failure)
Press: ? - help, Shift-Dir - straight line, f/p - iron imp
Aim: an iron imp (heavily wounded, 100% to hit)
The magic dart hits the iron imp but does no damage.
The iron imp is heavily wounded.
Casting: Magic Dart (safe; 4% risk of failure)
Confirm with . or Enter, or press ? or * to list all spells.
You conjure some foxfire!
The foxfire hits the iron imp but does no damage.
The iron imp is heavily wounded.
Casting: Foxfire (safe; 4% risk of failure)
Confirm with . or Enter, or press ? or * to list all spells.
You conjure some foxfire!
The foxfire hits the iron imp but does no damage.
The iron imp is heavily wounded.
Casting: Foxfire (safe; 4% risk of failure)
Confirm with . or Enter, or press ? or * to list all spells.
You conjure some foxfire!
The foxfire hits the iron imp but does no damage.
The iron imp is heavily wounded.
The foxfire hits the iron imp.
The iron imp completely resists.
The iron imp is heavily wounded.
Casting: Foxfire (safe; 4% risk of failure)
Confirm with . or Enter, or press ? or * to list all spells.
You conjure some foxfire!
The foxfire hits the iron imp.
The iron imp completely resists.
The iron imp is heavily wounded.
The foxfire hits the iron imp.
The iron imp completely resists.
The iron imp is heavily wounded.
The foxfire hits the iron imp.
The iron imp completely resists.
The iron imp is lightly wounded.
The iron imp hits you.
Casting: Foxfire (safe; 4% risk of failure)
Confirm with . or Enter, or press ? or * to list all spells.
You conjure some foxfire!
The foxfire hits the iron imp.
The iron imp completely resists.
The iron imp is heavily wounded.
The iron imp barely misses you.
You hit the iron imp but do no damage.
The iron imp is heavily wounded.
The foxfire hits the iron imp.
The iron imp completely resists.
The iron imp is heavily wounded.
The foxfire hits the iron imp.
The iron imp completely resists.
The iron imp is heavily wounded.
The iron imp closely misses you.
You barely miss the iron imp.
The iron imp is heavily wounded.
The iron imp hits you!
* * * LOW HITPOINT WARNING * * *
The iron imp closely misses you. The iron imp hits you.
* * * LOW HITPOINT WARNING * * *
Casting: Foxfire (safe; 4% risk of failure)
Confirm with . or Enter, or press ? or * to list all spells.
Your blood is infused with primal strength.
* * * LOW HITPOINT WARNING * * *
You hit the iron imp but do no damage.
The iron imp is lightly wounded.
The iron imp barely misses you. The iron imp hits you.
* * * LOW HITPOINT WARNING * * *
The iron imp misses you.
You hit the iron imp but do no damage.
The iron imp is lightly wounded.
The iron imp barely misses you.
The iron imp hits you but does no damage.
The iron imp barely misses you.
You hit the iron imp but do no damage.
You punch the iron imp, but do no damage.
The iron imp is lightly wounded.
The iron imp barely misses you. The iron imp hits you.
* * * LOW HITPOINT WARNING * * *
The iron imp misses you.
You barely miss the iron imp.
The iron imp is lightly wounded.
The iron imp hits you!
* * * LOW HITPOINT WARNING * * *
The iron imp closely misses you. x2
You hit the iron imp but do no damage.
The iron imp is lightly wounded.
You hit the iron imp.
The iron imp is lightly wounded.
The iron imp closely misses you. The iron imp hits you.
You die...

#§§§5.._...≈§.#
#§§§§......§≈§#
#..≈≈§....≈≈.§#
#..§§≈≈.≈≈≈...#
#..§§§≈8≈≈....###
#...§§§§......#.#
#.............#.#####
#..55.........#......
#..5@.........#######
#.............## #
........#.......#.#####
...######≈≈.#####.....##
..# ##≈.# #####... ..
#≈.# ###. #≈.# #. .# ##


You could see 3 iron imps.

Vanquished Creatures
  Sigmund (D:2)
  An orc wizard (D:3)
  An adder (D:2)
  2 worms
  A dart slug (D:1)
  6 orcs (D:3)
  5 ball pythons
  11 bats
  4 endoplasms
  2 giant cockroaches (D:1)
  5 goblins
  4 hobgoblins
  4 jackals (D:1)
  3 quokkas
  8 frilled lizards
  9 kobolds
  3 rats
70 creatures vanquished.

Vanquished Creatures (others)
  112 foxfires
  2 plants (D:1)
114 creatures vanquished.

Grand Total: 184 creatures vanquished

Notes
Turn   | Place    | Note
-------+----------+-------------------------------------------
     0 | D:1      | RascalDebosk the Djinni Hedge Wizard began the quest for
                  | the Orb.
     0 | D:1      | RascalDebosk set off with the following spells memorised:
                  | Magic Dart, Slow, Blink, Call Imp, Mephitic Cloud.
     0 | D:1      | Reached XP level 1. HP: 15/15 MP: 0/0
   180 | D:1      | Reached XP level 2. HP: 17/22 MP: 0/0
   194 | D:1      | Reached skill level 1 in Fighting
   383 | D:1      | Reached XP level 3. HP: 9/27 MP: 0/0
   383 | D:1      | Learned a level 1 spell: Foxfire
   596 | D:1      | Reached skill level 1 in Armour
  1018 | D:2      | Reached XP level 4. HP: 24/33 MP: 0/0
  1210 | D:2      | Noticed Sigmund
  1233 | D:2      | Killed Sigmund
  1234 | D:2      | Reached XP level 5. HP: 20/40 MP: 0/0
  1234 | D:2      | Learned a level 2 spell: Wereblood
  1234 | D:2      | Reached XP level 6. HP: 23/46 MP: 0/0
  2207 | D:3      | Found a faded altar of an unknown god.
  2226 | D:3      | Found a basalt altar of Yredelemnul.
  2375 | D:3      | Found a burning altar of Makhleb.
  2420 | D:3      | Slain by an iron imp

Illustrated notes

Levels and vault maps discovered:
D:1:      matt_arrival_los_fun, layout_rooms, minmay_lizard_king
D:2:      layout_basic, uniq_sigmund
D:3:      layout_rooms, demons_altar, mainiacjoe_overflow_tiny_flanked,
          amcnicky_altar_gilded, lightli_temple_of_fire, general_overflow_altar,
          ebering_ecumenical_altar_petrified

Skill      XL: |  1  2  3  4 |
---------------+-------------+-----
Fighting       | 1 3 |  3.5
Armour         | 1 2 |  2.4
Spellcasting   | 3 |  3.8
Dodging        | |  2.1
Stealth        | |  1.5

Action                     |  1- 3 |  4- 6 || total
---------------------------+-------+-------++-------
  Melee: Dagger            |    34 |    35 ||    69
         Punch             |     2 |     1 ||     3
   Cast: Magic Dart        |    55 |    57 ||   112
         Foxfire           |    26 |    44 ||    70
         Slow              |       |     1 ||     1
         Wereblood         |       |     1 ||     1
 Armour: Robe              |    12 |     6 ||    18
         Leather armour    |       |     1 ||     1
  Dodge: Dodged            |    23 |    24 ||    47
